 Dungeon Crawl Stone Soup version 0.20.0-8-g6b59dc7 (webtiles) character file.

114 miragecloak the Changer (level 4, 0/28 HPs)
             Began as an Octopode Transmuter on June 2, 2017.
             Killed from afar by Natasha (9 damage)
             ... with a magic dart
             ... on level 2 of the Dungeon.
             The game lasted 00:01:43 (1846 turns).

miragecloak the Changer (Octopode Transmuter)       Turns: 1846, Time: 00:01:43

Health: 0/28       AC:  1    Str:  9    XL:     4   Next: 98%
Magic:  7/7        EV: 13    Int: 15    God:
Gold:   84         SH:  0    Dex: 13    Spells: 3/7 levels left

rFire    . . .     SeeInvis .     - Unarmed
rCold    . . .     Gourm    .   (no shield)
rNeg     . . .     Faith    .   (helmet restricted)
rPois    .         Spirit   .   (no amulet)
rElec    .         Reflect  .   (no ring)
rCorr    .         Harm     .   (no ring)
MR       .....                  (no ring)
Stlth    ++........             (no ring)
Regen    0.1/turn               (no ring)
MPRegen  0.1/turn               (no ring)
                                (no ring)
                                (no ring)

@: no status effects
A: almost no armour, stealthy swim, amphibious, 8 rings, constrict 8, camouflage
1, gelatinous body 1
a: no special abilities


You were on level 2 of the Dungeon.
You were not hungry.

You visited 1 branch of the dungeon, and saw 2 of its levels.

You collected 84 gold pieces.

Inventory:

Missiles
 a - 61 arrows
Jewellery
 e - a +4 ring of dexterity {unknown}
Wands
 m - a wand of acid (10/15)
Scrolls
 f - a scroll of teleportation {unknown}
 g - a scroll of enchant weapon {unknown}
 j - 3 scrolls of identify {unknown}
 n - 2 scrolls of remove curse {unknown}
Potions
 h - a potion of invisibility {unknown}
 i - a potion of agility {unknown}
 k - 4 potions of mutation {unknown}
 l - a potion of cancellation {unknown}
 o - a potion of brilliance {unknown}
Books
 b - a book of Changes

   Spells                             Type                      Level
   a - Beastly Appendage              Transmutation                1
   b - Sticks to Snakes               Transmutation                2
   c - Spider Form                    Transmutation/Poison         3
   d - Ice Form                       Ice/Transmutation            4
   e - Blade Hands                    Transmutation                5
Comestibles
 c - a bread ration
 d - a royal jelly
 p - 2 chunks of flesh


   Skills:
 - Level 1.0 Fighting
 - Level 2.0 Dodging
 - Level 3.0 Unarmed Combat
 - Level 2.0 Spellcasting
 + Level 4.1 Transmutations
 * Level 2.9 Poison Magic


You had 3 spell levels left.
You knew the following spells:

 Your Spells              Type           Power        Failure   Level  Hunger
a - Beastly Appendage     Tmut           ##....       4%          1    #......
b - Spider Form           Tmut/Pois      ##........   16%         3    ###....


Dungeon Overview and Level Annotations

Branches:
Dungeon (2/15)

Altars:

Annotations:
D:2 Natasha, Sigmund


Innate Abilities, Weirdness & Mutations

You cannot wear most types of armour.
You are very stealthy in the water. (Stealth+)
You are amphibious.
You can wear up to eight rings at the same time.
You can use your tentacles to constrict eight enemies at once.
Your skin changes colour to match your surroundings (Stealth+).
Your rubbery body absorbs attacks. (AC +1, EV +1)


Message History

Found 7 stones.
Natasha hisses angrily.
Natasha misses you. Natasha closely misses you.
Sigmund appears from thin air!
Reactivating autopickup.
There is a large open door here.
There is a large open door here.
Sigmund casts a spell.
Sigmund flickers and vanishes!
Deactivating autopickup; reactivate with Ctrl-A.
Natasha closely misses you.
Natasha wildly gestures.
You feel disoriented. Natasha barely misses you.
You see here a ring mail.
You see here a club.
Natasha casts a spell at you. The magic dart hits you!
You die...

........###########.###.#
........##.......##.###.#
........''..)....##.....#
........##.......#####..#
........#####[#### #..# ........#
#)## #..# #######
........#####.h#######..###......
.....................#....'......
.#######........@....##.###......
#.............##.# #......
#.............##.# #......
#.............##.# #......
#.............##.# #....##
#.............##.# #.#####
#########.######'###......
#..##.............
###########[##.............


You could see Natasha.

Vanquished Creatures
  Natasha (twice) (D:2)
  2 adders (D:2)
  A worm (D:1)
  4 dart slugs
  A leopard gecko (D:1)
  A giant cockroach (D:2)
  6 goblins (D:1)
  A hobgoblin (D:2)
  5 jackals
  3 kobolds
  6 bats
  2 frilled lizards (D:1)
  7 rats
41 creatures vanquished.

Notes
Turn   | Place    | Note
-------+----------+-------------------------------------------
     0 | D:1      | miragecloak the Octopode Transmuter began the quest for the Orb.
     0 | D:1      | Reached XP level 1. HP: 13/13 MP: 3/3
   369 | D:1      | Reached XP level 2. HP: 13/18 MP: 3/5
   469 | D:1      | Reached skill level 3 in Transmutations
  1135 | D:1      | Reached XP level 3. HP: 23/23 MP: 4/6
  1143 | D:1      | Learned a level 3 spell: Spider Form
  1366 | D:2      | Reached skill level 1 in Poison Magic
  1391 | D:2      | Noticed Natasha
  1401 | D:2      | Killed Natasha
  1401 | D:2      | Reached XP level 4. HP: 10/28 MP: 1/7
  1605 | D:2      | Noticed Natasha
  1625 | D:2      | Killed Natasha
  1625 | D:2      | Reached skill level 4 in Transmutations
  1738 | D:2      | Noticed Sigmund
  1832 | D:2      | Noticed Natasha
  1846 | D:2      | Killed from afar by Natasha

Skill      XL: |  1  2  3  4 |
---------------+-------------+-----
Transmutations | 3 4 |  4.1
Poison Magic   | 2 |  2.9
Fighting       | |  1.0
Dodging        | |  2.0
Unarmed Combat | |  3.0
Spellcasting   | |  2.0

Action                   |  1- 3 |  4- 6 || total
-------------------------+-------+-------++-------
Melee: Unarmed           |    71 |    35 ||   106
       Kick              |     9 |       ||     9
       Tentacles         |    14 |     1 ||    15
       Constrict         |    14 |     1 ||    15
 Cast: Beastly Appendage |    13 |       ||    13
       Spider Form       |     4 |     5 ||     9
 Stab: Sleeping          |     1 |       ||     1
  Eat: Chunk             |     2 |     3 ||     5
Armor: Skin              |     4 |     3 ||     7
Dodge: Dodged            |    31 |    29 ||    60
